 Dungeon Crawl Stone Soup version 0.32-a0-981-g384da2ce10 (webtiles) character file.

Game seed: 7987073669117999043

1136 Cancer the Changeling (level 8, -9/51 HPs)
             Began as an Octopode Shapeshifter on Apr 21, 2024.
             Killed by divine providence
             ... invoked by an orc priest
              (13 damage)
             ... on level 4 of the Dungeon.
             The game lasted 00:13:07 (3986 turns).

Cancer the Changeling (Octopode Shapeshifter)       Turns: 3986, Time: 00:13:08

Health: -9/51      AC:  1    Str: 16    XL:     8   Next: 36%
Magic:  8/8        EV: 16    Int: 12    God:
Gold:   244        SH:  0    Dex: 11    Spells: 7/7 levels left

rFire   . . .        t - melded +1 dagger (venom)
rCold   . . .        (shield currently unavailable)
rNeg    . . .        (helmet restricted)
rPois   .            s - amulet of regeneration
rElec   .            (no ring)
rCorr   .            (no ring)
SInv    .            (no ring)
Will    .....        (no ring)
Stlth   ++           (no ring)
HPRegen 1.08/turn    (no ring)
MPRegen 0.11/turn    (no ring)
                     (no ring)

%: no passive effects
@: flux-form, glowing
A: glow, contaminating, almost no armour, amphibious, 8 rings, camouflage 1,
gelatinous body 1, (nimble swimmer 1), tentacles
a: Begin Untransformation, Convert to Beogh


You were on level 4 of the Dungeon.
You were something dangerously unstable.
You visited 1 branch of the dungeon, and saw 5 of its levels.

You collected 244 gold pieces.

Inventory:

Hand Weapons
 t - a +1 dagger of venom (melded)
Armour
 f - an orb of mayhem
Jewellery
 k - a ring of fire
 m - an amulet of guardian spirit
 r - an amulet of reflection
 s - an amulet of regeneration (around mantle)
 u - an amulet of regeneration
Talismans
 b - a beast talisman
 c - a flux talisman (active)
Wands
 v - a wand of polymorph (7)
Scrolls
 d - 2 scrolls of poison {unknown}
 h - a scroll of noise {unknown}
 j - 3 scrolls of teleportation {unknown}
 l - 3 scrolls of identify {unknown}
 n - a scroll of revelation {unknown}
 q - a scroll of enchant armour {unknown}
 x - a scroll of enchant weapon {unknown}
Potions
 a - a potion of lignification
 e - 7 potions of curing {unknown}
 g - a potion of heal wounds {unknown}
 i - 3 potions of brilliance {unknown}
 o - a potion of magic {unknown}
 p - a potion of ambrosia {unknown}
 w - a potion of attraction {unknown}
 z - a potion of degeneration {unknown}


   Skills:
 + Level 2.6 Fighting
 + Level 3.2 Dodging
 + Level 4.7 Stealth
 + Level 3.9 Unarmed Combat
 + Level 7.7 Shapeshifting


You had 7 spell levels left.
You didn't know any spells.
Your spell library was empty.

Dungeon Overview and Level Annotations

Branches:
Dungeon (5/15)
 Temple: D:4-7

Altars:
Sif Muna

Shops:
D:4 :   D:5 [

Annotations:
D:5 Dowan


Innate Abilities, Weirdness & Mutations

You are something dangerously unstable.
You glow with magical radiation, making you easy to see and hit.
Foes you strike become dangerously contaminated with magical radiation.
You are incapable of wielding weapons or throwing items.
You cannot wear most types of armour.
You are amphibious.
You can wear up to eight rings at the same time.
Your skin changes colour to match your surroundings (Stealth+).
Your rubbery body absorbs attacks. (AC +1, EV +1)
((You are camouflaged when in or above water. (Stealth+)))
You have tentacles for arms and can constrict up to eight enemies at once.


Message History

Duvessa is lightly wounded.
You constrict Duvessa. Duvessa hits you with a +0 short sword.
You tentacle-slap Duvessa.
Duvessa shudders as magic cascades through her!
Duvessa twists and deforms.
Duvessa is heavily wounded.
You constrict Duvessa. Duvessa hits you with a +0 short sword!
The orc priest misses you.
You tentacle-slap Duvessa but do no damage.
Duvessa begins to glow.
Duvessa is heavily wounded.
You constrict Duvessa. Duvessa hits you with a +0 short sword.
You tentacle-slap Duvessa.
Duvessa glows dangerously bright.
The orc priest threatens, "Beogh's wrath is as vast as their mercy.
Make your choice!"
You squeeze Duvessa.
Duvessa is almost dead.
You constrict Duvessa.
You kill Duvessa!
You hear a distant wail of despair.
The orc priest barely misses you.
The orc priest casts a cantrip, but nothing happens.
The orc priest hits you with a +0 morningstar!
* * * LOW HITPOINT WARNING * * *
The orc priest looks satisfied for a moment.
You climb upwards.
There is a stone staircase leading down here.
You are too injured to fight recklessly!
You tentacle-slap the orc priest.
The orc priest begins to glow.
You grab the orc priest.
The orc priest is moderately wounded.
You constrict the orc priest.
The orc priest calls down the wrath of Beogh upon you.
Beogh smites you!
* * * LOW HITPOINT WARNING * * *
You tentacle-slap the orc priest but do no damage.
The orc priest glows dangerously bright.
The orc priest is heavily wounded.
You constrict the orc priest.
The orc priest mumbles some strange prayers to Beogh against you.
Beogh smites you!
You die...

#####.............#...
###.#####.............
##.....###........)...[
##.......##.............
#^.^.....^#..########...
##...^..^^....# #...
#....^.^....#.# #...
##..........#.# #...
#..^..op..#..###########
##^.^....###.#........(.
##.....## #.#.....####.
##...## ###...### #.
###..# #..#######. ##)#
#..##...... #.##
#.###....#. #..#####.#
#....#. ##.....#.#
#...##.


You could see an orc priest (heavy contam).

Vanquished Creatures
  Eustachio (D:5)
  Duvessa (D:5)
  A sky beast (D:4)
  A black bear (D:4)
  A centaur (D:3)
  A scorpion (D:4)
  A bombardier beetle (D:4)
  A jelly (D:4)
  4 orc priests
  Jessica (D:2)
  2 iguanas
  5 orc wizards
  8 adders
  3 ribbon worms (D:4)
  5 dart slugs
  12 orcs
  3 bats
  11 endoplasms
  4 giant cockroaches
  3 goblins
  5 hobgoblins
  6 jackals
  5 quokkas
  9 ball pythons
  5 frilled lizards
  12 kobolds
  5 rats
116 creatures vanquished.

Notes
Turn   | Place    | Note
-------+----------+-------------------------------------------
     0 | D:1      | Cancer the Octopode Shapeshifter began the quest for the
                  | Orb.
     0 | D:1      | Reached XP level 1. HP: 13/13 MP: 1/1
    26 | D:1      | Reached skill level 1 in Stealth
    57 | D:1      | Reached XP level 2. HP: 17/18 MP: 2/2
   161 | D:1      | Reached XP level 3. HP: 23/23 MP: 3/3
   659 | D:2      | Reached skill level 4 in Shapeshifting
   659 | D:2      | Reached XP level 4. HP: 22/28 MP: 4/4
   856 | D:2      | Noticed Jessica
   859 | D:2      | Killed Jessica
  1092 | D:2      | Reached XP level 5. HP: 24/33 MP: 3/5
  1588 | D:3      | Noticed a centaur
  1607 | D:3      | Killed a centaur
  1608 | D:3      | Reached skill level 5 in Shapeshifting
  2239 | D:4      | Noticed a black bear
  2283 | D:4      | Noticed a sky beast
  2327 | D:4      | Reached XP level 6. HP: 35/38 MP: 6/6
  2336 | D:4      | Reached skill level 6 in Shapeshifting
  2495 | D:4      | Reached XP level 7. HP: 7/43 MP: 7/7
  2726 | D:3      | Reached skill level 7 in Shapeshifting
  2885 | D:4      | Found Liop's Book Shop.
  3205 | D:4      | Found a shimmering blue altar of Sif Muna.
  3238 | D:5      | Entered Level 5 of the Dungeon
  3323 | D:5      | Noticed Eustachio
  3338 | D:5      | Killed Eustachio
  3339 | D:5      | Reached XP level 8. HP: 48/50 MP: 8/8
  3456 | D:5      | Found Cocuq's Antique Armour Shop.
  3572 | D:5      | Noticed Dowan
  3574 | D:5      | Noticed Duvessa
  3982 | D:5      | Killed Duvessa
  3986 | D:4      | Killed from afar by an orc priest

Illustrated notes

Levels and vault maps discovered:
D:1:      spicycebolla_arrival_ecumenical, layout_rooms
D:2:      layout_loops_cross, st_stairs_11, uniq_jessica
D:3:      kennysheep_six_static_rooms, layout_basic
D:4:      minmay_recursive_quarters, layout_rooms, lemuel_blue_sif_altar,
          serial_shops, nicolae_take_the_stairs, nicolae_wormholes
D:5:      minmay_razor_zed, layout_rooms, serial_shops, nicolae_shop_dealshenge,
          guppyfry_early_orc_mine, uniq_eustachio, uniq_duvessa,
          uniq_crazy_yiuf_cottage, uniq_edmund

Skill      XL: |  1  2  3  4  5  6  7  8 |
---------------+-------------------------+-----
Stealth        | 1 2 3 4 |  4.7
Shapeshifting  | 4 5 6 7 |  7.7
Fighting       | 2 |  2.6
Dodging        | 3 |  3.2
Unarmed Combat | |  3.9

Action                     |  1- 3 |  4- 6 |  7- 9 || total
---------------------------+-------+-------+-------++-------
  Melee: Unarmed           |    59 |    94 |    63 ||   216
         Constrict         |    12 |    19 |    28 ||    59
         Tentacles         |    10 |    20 |    29 ||    59
         Punch             |       |     3 |       ||     3
         Dagger            |       |       |    19 ||    19
   Stab: Sleeping          |     5 |    15 |     2 ||    22
 Armour: Skin              |    17 |    50 |    48 ||   115
  Dodge: Dodged            |    19 |    37 |    64 ||   120
   Form: Flux              |       |       |     1 ||     1

Table legend: (Time is in decaauts)
 A = Elapsed time spent in this place.
 B = Non-inter-level travel time spent in this place.
 C = Inter-level travel time spent in this place.
 D = Time resting spent in this place.
 E = Time spent auto-exploring this place.
 F = Levels seen in this place.
 G = Mean time per level.
                   A        B        C        D        E       F      G
               +--------+--------+--------+--------+--------+-----+--------+
         Total |   3983 |   3427 |    556 |    205 |   1962 |   5 |  796.6 |
       Dungeon |   3983 |   3427 |    556 |    205 |   1962 |   5 |  796.6 |
               +--------+--------+--------+--------+--------+-----+--------+

Top non-repeatable levels by time:
     D:4: 1108 daAuts
     D:3: 1009 daAuts
     D:2: 825 daAuts
     D:1: 548 daAuts
     D:5: 491 daAuts
